[ AOE2 MATCH · #458045599 ]
UnrankedPersians vs Khmer
[ REPLAY ANALYSIS · EXTRACTED FROM THE RECORDED GAME ]
Feudal
10:50
Castle
18:57
Imperial
31:31
| APM avg | 20.5 |
| APM peak | 132 |
| eAPM avg | 14.8 |
| Villagers / military | 151 / 876 |
Focus
⚔️ 53.3% · 🌾 46.7%
Scout Cavalry ×388 · War Elephant ×231 · Spearman ×221 · Trade Cart ×23 · Knight ×16 · Trebuchet (Packed) ×14
Feudal
—
Castle
—
Imperial
—
| APM avg | 17.9 |
| APM peak | 124 |
| eAPM avg | 15.9 |
| Villagers / military | 163 / 3131 |
Focus
⚔️ 44.7% · 🌾 55.3%
Spearman ×903 · Scout Cavalry ×643 · Skirmisher ×551 · Knight ×427 · Archer ×278 · Scorpion ×163
Feudal
13:16
Castle
24:54
Imperial
50:50
| APM avg | 24.8 |
| APM peak | 74 |
| eAPM avg | 15.2 |
| Villagers / military | 177 / 1263 |
Focus
⚔️ 36.4% · 🌾 63.6%
Knight ×402 · Fire Lancer ×302 · War Wagon ×200 · Trade Cart ×149 · Skirmisher ×140 · Bombard Cannon ×80
Feudal
13:35
Castle
25:25
Imperial
46:48
| APM avg | 16.5 |
| APM peak | 91 |
| eAPM avg | 14.5 |
| Villagers / military | 123 / 965 |
Focus
⚔️ 76.0% · 🌾 24.0%
Unknown (882) ×442 · Spearman ×372 · Genoese Crossbowman ×232 · Hand Cannoneer ×151 · Skirmisher ×150 · Trade Cart ×66
Feudal
13:06
Castle
18:10
Imperial
34:03
| APM avg | 16.6 |
| APM peak | 62 |
| eAPM avg | 15.6 |
| Villagers / military | 281 / 2177 |
Focus
⚔️ 42.7% · 🌾 57.3%
Scout Cavalry ×624 · Camel Scout ×526 · Skirmisher ×352 · Mameluke ×247 · Mangonel ×204 · Trade Cart ×160
Feudal
12:13
Castle
17:05
Imperial
35:34
| APM avg | 18.9 |
| APM peak | 54 |
| eAPM avg | 16.2 |
| Villagers / military | 269 / 1253 |
Focus
⚔️ 36.8% · 🌾 63.2%
Spearman ×406 · Scorpion ×303 · Mangonel ×297 · Knight ×116 · Trade Cart ×107 · Battering Ram ×50
Feudal
—
Castle
—
Imperial
—
| APM avg | 14.2 |
| APM peak | 144 |
| eAPM avg | 12.5 |
| Villagers / military | 278 / 715 |
Focus
⚔️ 23.4% · 🌾 76.6%
Iron Pagoda ×245 · Chu Ko Nu ×233 · Scorpion ×223 · Trade Cart ×32 · Trebuchet (Packed) ×11 · Monk ×2
Feudal
12:08
Castle
21:47
Imperial
39:55
| APM avg | 17.2 |
| APM peak | 54 |
| eAPM avg | 13.9 |
| Villagers / military | 159 / 1371 |
Focus
⚔️ 50.0% · 🌾 50.0%
Spearman ×615 · Knight ×310 · Scorpion ×85 · Militia ×83 · Trade Cart ×79 · Woad Raider ×75
Match map
Initial resources + every placement click. Lines = walls · curves = elevation contours. ◆ gold · ⬟ stone · ● berries · ✦ relic · ◌ wall gap
Your base· ✓ Closed at 18:57 · 14t walls · 2 gate(s)
RodrigoOBOMM's base· ✓ Closed at 17:41 · 0t walls · no gate
Zé Pilantra's base· ✓ Closed at 24:54 · 25t walls · 1 gate(s)
Andrewin's base· ✓ Closed at 25:25 · 60t walls · 1 gate(s)
1109366596's base· ✓ Closed at 18:10 · 0t walls · no gate
Benice's base· ✓ Closed at 17:05 · 35t walls · 2 gate(s)
ShutGorgon2800's base· ✓ Closed at 24:12 · 0t walls · no gate
ohhperry's base· ✓ Closed at 21:47 · 0t walls · no gate
Smoothed initial terrain · ◌ = detected wall gap · hover for details
Inputs per minute
— barreto - - RodrigoOBOMM
Build order — barreto
First 150 of 1333 actions detected
| 0:03 | Research | Loom |
| 0:03 | Create | Villager (Male) |
| 0:03 | Create | Villager (Male) |
| 0:04 | Create | Villager (Male) |
| 0:04 | Create | Villager (Male) |
| 0:04 | Create | Villager (Male) |
| 0:09 | Build | House |
| 0:10 | Build | House |
| 0:45 | Build | Lumber Camp |
| 1:34 | Create | Villager (Male) |
| 2:18 | Build | Mill |
| 2:38 | Create | Villager (Male) |
| 2:38 | Create | Villager (Male) |
| 3:12 | Build | House |
| 3:20 | Create | Villager (Male) |
| 3:44 | Create | Villager (Male) |
| 4:39 | Create | Villager (Male) |
| 4:39 | Create | Villager (Male) |
| 5:37 | Create | Villager (Male) |
| 5:37 | Create | Villager (Male) |
| 5:37 | Create | Villager (Male) |
| 5:46 | Build | House |
| 5:48 | Build | House |
| 6:13 | Create | Villager (Male) |
| 7:06 | Create | Villager (Male) |
| 7:37 | Create | Villager (Male) |
| 7:44 | Build | House |
| 7:58 | Create | Villager (Male) |
| 8:46 | Research | Feudal Age |
| 9:26 | Build | House |
| 9:34 | Create | Villager (Male) |
| 9:34 | Create | Villager (Male) |
| 9:34 | Create | Villager (Male) |
| 9:35 | Create | Villager (Male) |
| 10:18 | Create | Villager (Male) |
| 10:45 | Build | Mining Camp |
| 10:50 | Age | Feudal Age |
| 10:53 | Build | Market |
| 11:04 | Build | Stone Wall |
| 11:11 | Build | Gate |
| 11:19 | Build | Gate |
| 11:43 | Create | Villager (Male) |
| 11:44 | Create | Villager (Male) |
| 11:45 | Research | Wheelbarrow |
| 11:52 | Build | Blacksmith |
| 12:43 | Build | Farm |
| 12:50 | Build | Farm |
| 12:57 | Create | Villager (Male) |
| 12:57 | Create | Villager (Male) |
| 13:43 | Build | Lumber Camp |
| 13:47 | Create | Villager (Male) |
| 13:47 | Create | Villager (Male) |
| 14:14 | Create | Villager (Male) |
| 14:14 | Create | Villager (Male) |
| 14:21 | Build | Mining Camp |
| 15:07 | Build | House |
| 15:09 | Build | House |
| 15:12 | Build | House |
| 15:21 | Build | Farm |
| 15:33 | Build | Farm |
| 16:01 | Build | Farm |
| 16:18 | Build | Farm |
| 16:23 | Build | Farm |
| 16:32 | Research | Castle Age |
| 17:09 | Build | Barracks |
| 17:44 | Build | Farm |
| 17:45 | Create | Villager (Male) |
| 17:46 | Create | Villager (Male) |
| 17:46 | Create | Villager (Male) |
| 17:46 | Create | Villager (Male) |
| 17:46 | Create | Villager (Male) |
| 17:47 | Create | Villager (Male) |
| 17:47 | Create | Villager (Male) |
| 17:52 | Create | Spearman |
| 18:42 | Create | Spearman |
| 18:57 | Age | Castle Age |
| 19:09 | Build | Town Center |
| 19:26 | Research | Pikeman (upgrade) |
| 19:39 | Build | Monastery |
| 19:51 | Create | Villager (Male) |
| 19:51 | Create | Villager (Male) |
| 20:01 | Build | Town Center |
| 20:34 | Create | Spearman |
| 20:34 | Create | Spearman |
| 20:35 | Create | Spearman |
| 20:49 | Create | Monk |
| 20:57 | Research | Arson |
| 21:07 | Build | Farm |
| 21:10 | Create | Trade Cart |
| 21:15 | Build | Farm |
| 21:20 | Build | House |
| 21:21 | Build | House |
| 21:22 | Build | House |
| 21:28 | Create | Villager (Male) |
| 22:00 | Create | Spearman |
| 22:48 | Create | Villager (Male) |
| 22:48 | Create | Villager (Male) |
| 22:48 | Create | Villager (Male) |
| 22:48 | Create | Villager (Male) |
| 22:49 | Create | Villager (Male) |
| 23:07 | Research | Town Watch |
| 23:07 | Create | Villager (Male) |
| 23:24 | Build | Town Center |
| 23:48 | Build | Farm |
| 23:49 | Build | Farm |
| 23:50 | Build | Farm |
| 23:57 | Build | Farm |
| 23:58 | Build | Farm |
| 24:14 | Build | University |
| 24:15 | Build | House |
| 24:17 | Build | House |
| 24:18 | Build | House |
| 24:20 | Build | House |
| 24:27 | Build | Farm |
| 24:29 | Build | Farm |
| 24:37 | Create | Villager (Male) |
| 24:37 | Create | Villager (Male) |
| 24:37 | Create | Villager (Male) |
| 24:39 | Create | Villager (Male) |
| 24:40 | Create | Trade Cart |
| 24:40 | Create | Trade Cart |
| 25:05 | Create | Villager (Male) |
| 25:05 | Create | Villager (Male) |
| 25:07 | Create | Villager (Male) |
| 26:08 | Build | Farm |
| 26:15 | Build | Farm |
| 26:20 | Research | Hand Cart |
| 26:25 | Build | Farm |
| 26:49 | Create | Villager (Male) |
| 26:49 | Create | Villager (Male) |
| 26:50 | Create | Villager (Male) |
| 26:54 | Build | Farm |
| 26:54 | Build | Farm |
| 26:56 | Build | Farm |
| 26:57 | Build | Farm |
| 27:15 | Build | Castle |
| 27:50 | Build | Farm |
| 27:51 | Build | Farm |
| 27:52 | Build | Farm |
| 27:57 | Build | Farm |
| 28:06 | Create | Villager (Male) |
| 28:07 | Create | Villager (Male) |
| 28:07 | Create | Villager (Male) |
| 28:13 | Create | Spearman |
| 28:13 | Create | Spearman |
| 28:46 | Research | Imperial Age |
| 29:00 | Create | Spearman |
| 29:00 | Create | Spearman |
| 29:00 | Create | Spearman |
| 29:02 | Create | Spearman |
Build order — RodrigoOBOMM
First 150 of 1205 actions detected
| 0:05 | Build | House |
| 0:10 | Build | House |
| 0:11 | Build | House |
| 0:13 | Build | House |
| 0:15 | Create | Villager (Male) |
| 0:15 | Create | Villager (Male) |
| 0:15 | Create | Villager (Male) |
| 0:16 | Create | Villager (Male) |
| 0:18 | Research | Loom |
| 2:33 | Create | Villager (Male) |
| 3:08 | Create | Villager (Male) |
| 3:08 | Create | Villager (Male) |
| 4:09 | Create | Villager (Male) |
| 4:10 | Create | Villager (Male) |
| 5:02 | Build | Lumber Camp |
| 5:42 | Create | Villager (Male) |
| 5:42 | Create | Villager (Male) |
| 5:43 | Create | Villager (Male) |
| 5:43 | Create | Villager (Male) |
| 6:07 | Create | Villager (Male) |
| 6:07 | Create | Villager (Male) |
| 6:41 | Build | Mill |
| 6:53 | Build | Mill |
| 7:33 | Create | Villager (Male) |
| 8:00 | Create | Villager (Male) |
| 8:26 | Build | Mining Camp |
| 8:29 | Create | Villager (Male) |
| 10:12 | Create | Villager (Male) ×5 |
| 11:40 | Build | Mining Camp |
| 11:42 | Research | Feudal Age |
| 12:32 | Create | Villager (Male) |
| 14:06 | Build | Blacksmith |
| 14:24 | Research | Double-Bit Axe |
| 14:26 | Research | Horse Collar |
| 14:28 | Research | Wheelbarrow |
| 15:13 | Build | Market |
| 15:46 | Build | Market |
| 15:58 | Build | House |
| 15:59 | Build | House |
| 16:02 | Build | House |
| 16:04 | Build | House |
| 16:05 | Build | House |
| 16:07 | Build | House |
| 16:12 | Research | Scale Barding Armor |
| 16:42 | Research | Gold Mining |
| 17:41 | Research | Castle Age |
| 18:24 | Build | Farm |
| 18:42 | Build | Lumber Camp |
| 19:19 | Build | Lumber Camp |
| 19:30 | Create | Villager (Male) |
| 20:44 | Build | Town Center |
| 20:46 | Build | Town Center |
| 20:50 | Build | Town Center |
| 20:52 | Build | Town Center |
| 21:31 | Create | Villager (Male) ×2 |
| 22:08 | Build | Stone Wall |
| 22:23 | Build | Farm |
| 22:24 | Build | Farm |
| 22:26 | Build | Farm |
| 22:28 | Build | Farm |
| 22:32 | Build | Farm |
| 22:33 | Build | Farm |
| 23:00 | Create | Villager (Male) |
| 23:20 | Build | Farm |
| 23:22 | Build | Farm |
| 23:24 | Build | Farm |
| 23:44 | Build | Outpost |
| 23:49 | Build | Outpost |
| 23:53 | Build | Outpost |
| 23:56 | Build | Outpost |
| 24:00 | Build | Outpost |
| 24:04 | Create | Villager (Male) ×3 |
| 24:15 | Create | Villager (Male) |
| 24:47 | Create | Trade Cart |
| 25:01 | Build | Farm |
| 25:06 | Create | Villager (Male) ×3 |
| 25:38 | Create | Villager (Male) ×3 |
| 25:48 | Create | Trade Cart |
| 25:49 | Create | Trade Cart |
| 25:50 | Create | Trade Cart |
| 25:54 | Create | Villager (Male) |
| 26:21 | Research | Town Watch |
| 26:41 | Research | Bow Saw |
| 27:02 | Build | Outpost |
| 27:05 | Build | Outpost |
| 27:07 | Build | Outpost |
| 27:10 | Build | Outpost |
| 27:13 | Build | Outpost |
| 27:25 | Build | Monastery |
| 27:34 | Build | University |
| 28:20 | Research | Fervor |
| 28:22 | Create | Monk ×3 |
| 28:32 | Build | Gate |
| 28:49 | Build | Stone Wall |
| 28:51 | Build | Stone Wall |
| 28:55 | Build | Stone Wall |
| 29:00 | Build | Stone Wall |
| 29:03 | Build | Stone Wall |
| 29:08 | Create | Villager (Male) ×5 |
| 29:08 | Create | Villager (Male) ×5 |
| 29:08 | Create | Villager (Male) ×2 |
| 29:19 | Build | Farm |
| 29:20 | Build | Farm |
| 29:24 | Build | Farm |
| 29:36 | Build | Farm |
| 29:40 | Create | Villager (Male) ×2 |
| 30:00 | Build | Stone Wall |
| 30:09 | Build | Stone Wall |
| 30:31 | Build | Mining Camp |
| 30:34 | Create | Villager (Male) ×5 |
| 30:41 | Build | Farm |
| 30:45 | Create | Villager (Male) ×2 |
| 31:08 | Create | Villager (Male) ×2 |
| 31:26 | Build | Farm |
| 31:53 | Research | Sanctity |
| 32:02 | Research | Herbal Medicine |
| 32:12 | Research | Sanctity |
| 32:15 | Create | Villager (Male) ×5 |
| 32:20 | Research | Heavy Plow |
| 32:36 | Create | Villager (Male) ×2 |
| 32:53 | Research | Ballistics |
| 32:56 | Create | Villager (Male) ×3 |
| 33:11 | Create | Trade Cart |
| 33:20 | Research | Stone Mining |
| 33:25 | Create | Villager (Male) |
| 33:46 | Build | Gate |
| 33:48 | Build | Gate |
| 34:05 | Build | Market |
| 34:22 | Build | Blacksmith |
| 34:25 | Build | Farm |
| 34:33 | Research | Caravan |
| 34:43 | Create | Villager (Male) ×4 |
| 34:55 | Build | Market |
| 35:05 | Build | House |
| 35:09 | Build | House |
| 35:11 | Build | House |
| 35:15 | Build | House |
| 35:18 | Build | House |
| 35:21 | Build | House |
| 35:23 | Build | House |
| 35:28 | Build | House |
| 35:30 | Build | House |
| 35:34 | Create | Trade Cart ×5 |
| 35:34 | Create | Trade Cart ×4 |
| 35:40 | Create | Villager (Male) ×5 |
| 35:40 | Create | Villager (Male) ×2 |
| 36:03 | Build | Farm |
| 36:04 | Build | Farm |
| 36:06 | Build | Farm |
| 36:08 | Build | Farm |
Build order — Zé Pilantra
First 150 of 1024 actions detected
| 0:02 | Build | House |
| 0:04 | Build | House |
| 0:30 | Create | Villager (Male) |
| 0:30 | Create | Villager (Male) |
| 0:34 | Create | Villager (Male) |
| 0:43 | Create | Villager (Male) |
| 1:33 | Create | Villager (Male) |
| 2:15 | Create | Villager (Male) |
| 2:41 | Create | Villager (Male) |
| 4:00 | Create | Villager (Male) |
| 4:20 | Create | Villager (Male) |
| 5:07 | Create | Villager (Male) |
| 5:08 | Create | Villager (Male) |
| 5:08 | Create | Villager (Male) |
| 5:51 | Build | Lumber Camp |
| 5:52 | Create | Villager (Male) |
| 6:07 | Build | House |
| 6:12 | Research | Loom |
| 6:13 | Create | Villager (Male) |
| 6:45 | Create | Villager (Male) |
| 7:57 | Create | Villager (Male) |
| 7:59 | Create | Villager (Male) |
| 7:59 | Create | Villager (Male) |
| 8:06 | Build | Mill |
| 8:06 | Create | Villager (Male) |
| 8:18 | Create | Villager (Male) |
| 8:21 | Create | Villager (Male) |
| 8:26 | Build | House |
| 9:16 | Create | Villager (Male) |
| 10:00 | Create | Villager (Male) |
| 10:29 | Create | Villager (Male) |
| 10:50 | Create | Villager (Male) |
| 11:06 | Research | Feudal Age |
| 11:10 | Create | Villager (Male) |
| 11:33 | Build | House |
| 11:33 | Build | House |
| 11:34 | Build | House |
| 11:38 | Create | Villager (Male) |
| 11:51 | Build | Lumber Camp |
| 11:51 | Create | Villager (Male) |
| 12:10 | Build | Barracks |
| 12:53 | Build | House |
| 13:03 | Create | Villager (Male) |
| 13:15 | Build | Farm |
| 13:15 | Build | Farm |
| 13:15 | Build | Farm |
| 13:16 | Build | Farm |
| 13:16 | Build | Farm |
| 13:16 | Build | Farm |
| 13:16 | Build | Farm |
| 13:16 | Age | Feudal Age |
| 13:16 | Build | Farm |
| 13:22 | Research | Double-Bit Axe |
| 13:59 | Build | Mining Camp |
| 13:59 | Create | Villager (Male) |
| 14:28 | Build | Stone Wall |
| 14:36 | Create | Villager (Male) |
| 14:43 | Create | Villager (Male) |
| 15:06 | Create | Villager (Male) |
| 15:53 | Create | Villager (Male) |
| 16:08 | Build | Market |
| 16:11 | Create | Villager (Male) |
| 16:11 | Create | Villager (Male) |
| 16:23 | Research | Wheelbarrow |
| 17:04 | Create | Villager (Male) |
| 17:18 | Build | Stone Wall |
| 17:19 | Build | Stone Wall |
| 17:21 | Build | Stone Wall |
| 17:22 | Build | Stone Wall |
| 17:29 | Create | Villager (Male) |
| 17:56 | Create | Villager (Male) |
| 18:07 | Create | Villager (Male) |
| 18:15 | Create | Villager (Male) |
| 18:20 | Create | Spearman |
| 18:22 | Create | Villager (Male) |
| 18:34 | Build | Farm |
| 18:34 | Build | Farm |
| 18:35 | Build | Farm |
| 18:35 | Build | Farm |
| 18:35 | Build | Farm |
| 18:35 | Build | Farm |
| 18:35 | Build | Farm |
| 18:36 | Build | Farm |
| 18:59 | Build | Stone Wall |
| 19:00 | Build | Stone Wall |
| 19:01 | Build | Stone Wall |
| 19:02 | Build | Stone Wall |
| 19:02 | Create | Villager (Male) |
| 19:03 | Create | Villager (Male) |
| 19:11 | Create | Spearman |
| 19:19 | Create | Villager (Male) |
| 19:31 | Build | Farm |
| 19:31 | Build | Farm |
| 19:31 | Build | Farm |
| 19:31 | Build | Farm |
| 19:31 | Build | Farm |
| 19:32 | Build | Farm |
| 19:32 | Build | Farm |
| 19:32 | Build | Farm |
| 19:58 | Create | Spearman |
| 19:58 | Create | Spearman |
| 20:04 | Create | Villager (Male) |
| 20:10 | Create | Spearman |
| 20:19 | Build | Stone Wall |
| 20:20 | Build | Stone Wall |
| 20:21 | Build | Stone Wall |
| 20:22 | Build | Stone Wall |
| 20:42 | Create | Villager (Male) |
| 20:43 | Create | Villager (Male) |
| 21:07 | Create | Villager (Male) |
| 21:22 | Build | Blacksmith |
| 21:34 | Build | House |
| 21:34 | Build | House |
| 21:35 | Build | House |
| 21:35 | Build | House |
| 21:35 | Build | House |
| 21:35 | Build | House |
| 21:45 | Build | Mill |
| 21:45 | Build | Mill |
| 21:45 | Build | Mill |
| 21:46 | Build | Mill |
| 21:47 | Build | Mill |
| 21:47 | Build | Mill |
| 21:47 | Build | Mill |
| 21:49 | Create | Villager (Male) |
| 22:14 | Research | Castle Age |
| 22:25 | Research | Scale Mail Armor |
| 22:46 | Build | Archery Range |
| 22:51 | Create | Villager (Male) |
| 23:15 | Build | House |
| 23:16 | Build | House |
| 23:17 | Build | House |
| 23:20 | Build | House |
| 23:22 | Build | House |
| 23:24 | Build | House |
| 23:51 | Research | Horse Collar |
| 23:57 | Research | Forging |
| 24:11 | Build | Mining Camp |
| 24:51 | Build | Gate |
| 24:54 | Age | Castle Age |
| 25:13 | Create | Villager (Male) |
| 25:13 | Create | Villager (Male) |
| 25:27 | Research | Coinage |
| 25:43 | Build | Town Center |
| 25:44 | Create | Villager (Male) |
| 25:57 | Build | Town Center |
| 26:14 | Create | Fire Lancer |
| 26:15 | Create | Fire Lancer |
| 26:32 | Build | Monastery |
| 26:40 | Create | Cavalry Archer |
Build order — Andrewin
First 150 of 1890 actions detected
| 0:05 | Research | Loom |
| 0:06 | Create | Villager (Male) |
| 0:06 | Create | Villager (Male) |
| 0:07 | Create | Villager (Male) |
| 0:18 | Build | House |
| 0:22 | Build | House |
| 0:41 | Create | Villager (Male) |
| 0:41 | Create | Villager (Male) |
| 0:41 | Create | Villager (Male) |
| 1:31 | Build | Mill |
| 1:36 | Create | Villager (Male) |
| 2:43 | Create | Villager (Male) |
| 2:43 | Create | Villager (Male) |
| 2:43 | Create | Villager (Male) |
| 3:01 | Build | House |
| 3:04 | Create | Villager (Male) |
| 3:05 | Create | Villager (Male) |
| 3:05 | Create | Villager (Male) |
| 3:35 | Create | Villager (Male) |
| 3:52 | Create | Villager (Male) |
| 4:08 | Create | Villager (Male) |
| 4:27 | Create | Villager (Male) |
| 4:50 | Create | Villager (Male) |
| 5:10 | Create | Villager (Male) |
| 5:11 | Create | Villager (Male) |
| 5:11 | Create | Villager (Male) |
| 5:27 | Create | Villager (Male) |
| 6:15 | Build | Lumber Camp |
| 6:21 | Create | Villager (Male) |
| 6:21 | Create | Villager (Male) |
| 6:22 | Create | Villager (Male) |
| 6:22 | Create | Villager (Male) |
| 7:07 | Build | House |
| 7:10 | Create | Villager (Male) |
| 7:11 | Create | Villager (Male) |
| 7:11 | Create | Villager (Male) |
| 7:11 | Create | Villager (Male) |
| 7:34 | Create | Villager (Male) |
| 7:48 | Build | House |
| 7:52 | Build | House |
| 7:55 | Build | House |
| 7:59 | Build | House |
| 8:17 | Build | Lumber Camp |
| 8:20 | Create | Villager (Male) |
| 9:19 | Build | Palisade Wall |
| 9:26 | Build | Palisade Wall |
| 9:35 | Build | Palisade Wall |
| 9:45 | Build | Farm |
| 10:45 | Build | Lumber Camp |
| 10:59 | Build | Mill |
| 11:14 | Build | House |
| 11:18 | Build | House |
| 11:21 | Build | House |
| 11:25 | Research | Feudal Age |
| 13:19 | Build | Palisade Gate |
| 13:26 | Build | House |
| 13:30 | Build | House |
| 13:34 | Build | House |
| 13:35 | Age | Feudal Age |
| 13:38 | Build | House |
| 13:42 | Research | Town Watch |
| 13:44 | Research | Wheelbarrow |
| 13:45 | Create | Villager (Male) |
| 13:49 | Create | Villager (Male) |
| 13:53 | Research | Horse Collar |
| 13:58 | Research | Double-Bit Axe |
| 14:15 | Build | Watch Tower |
| 14:26 | Create | Villager (Male) |
| 14:57 | Build | Mining Camp |
| 15:53 | Create | Villager (Male) |
| 16:05 | Build | Mining Camp |
| 16:16 | Build | Market |
| 16:22 | Create | Villager (Male) |
| 16:23 | Create | Villager (Male) |
| 16:34 | Create | Villager (Male) |
| 16:47 | Build | Stone Wall |
| 16:55 | Build | Stone Wall |
| 17:17 | Build | Farm |
| 17:25 | Build | Farm |
| 17:49 | Build | Lumber Camp |
| 17:57 | Build | Farm |
| 18:02 | Build | Farm |
| 18:08 | Build | Farm |
| 18:15 | Build | Farm |
| 18:58 | Create | Villager (Male) |
| 18:58 | Create | Villager (Male) |
| 18:58 | Create | Villager (Male) |
| 18:59 | Create | Villager (Male) |
| 18:59 | Create | Villager (Male) |
| 18:59 | Create | Villager (Male) |
| 19:29 | Build | Mining Camp |
| 19:53 | Build | Mining Camp |
| 19:59 | Create | Villager (Male) |
| 19:59 | Create | Villager (Male) |
| 20:56 | Build | Outpost |
| 21:03 | Build | Farm |
| 21:11 | Build | Blacksmith |
| 21:14 | Research | Stone Mining |
| 21:15 | Research | Gold Mining |
| 21:37 | Build | Mining Camp |
| 21:59 | Build | Stone Wall |
| 22:24 | Build | Mining Camp |
| 22:45 | Research | Castle Age |
| 22:57 | Create | Trade Cart |
| 22:58 | Create | Trade Cart |
| 22:58 | Create | Trade Cart |
| 22:59 | Create | Trade Cart |
| 22:59 | Create | Trade Cart |
| 22:59 | Create | Trade Cart |
| 23:00 | Create | Trade Cart |
| 23:00 | Create | Trade Cart |
| 23:00 | Create | Trade Cart |
| 23:08 | Research | Scale Mail Armor |
| 23:12 | Research | Padded Archer Armor |
| 23:20 | Build | Barracks |
| 23:50 | Research | Fletching |
| 24:35 | Build | Archery Range |
| 24:38 | Research | Arson |
| 24:39 | Research | Man-at-Arms (upgrade) |
| 25:25 | Age | Castle Age |
| 25:26 | Build | Stone Wall |
| 25:36 | Research | Leather Archer Armor |
| 25:48 | Create | Villager (Male) |
| 26:07 | Build | Castle |
| 26:23 | Build | Stone Wall |
| 26:33 | Build | Monastery |
| 26:39 | Create | Villager (Male) |
| 26:39 | Create | Villager (Male) |
| 26:39 | Create | Villager (Male) |
| 26:40 | Create | Villager (Male) |
| 26:40 | Create | Villager (Male) |
| 26:58 | Create | Trade Cart |
| 27:00 | Create | Trade Cart |
| 27:01 | Create | Trade Cart |
| 27:02 | Create | Trade Cart |
| 27:16 | Build | House |
| 27:21 | Build | House |
| 27:25 | Build | House |
| 27:27 | Create | Monk |
| 27:29 | Create | Monk |
| 27:36 | Build | University |
| 27:45 | Build | House |
| 27:48 | Build | House |
| 27:53 | Build | House |
| 27:56 | Build | House |
| 28:07 | Build | Farm |
| 28:13 | Create | Trade Cart |
| 28:13 | Create | Trade Cart |
| 28:13 | Create | Trade Cart |
| 28:14 | Create | Trade Cart |
Build order — 1109366596
First 150 of 1143 actions detected
| 0:05 | Create | Villager (Male) ×4 |
| 0:06 | Create | Villager (Male) ×4 |
| 0:06 | Create | Villager (Male) ×4 |
| 0:11 | Build | House |
| 0:43 | Research | Loom |
| 1:11 | Build | House |
| 1:52 | Build | House |
| 1:58 | Build | House |
| 2:05 | Build | Mill |
| 2:14 | Create | Villager (Male) |
| 2:15 | Create | Villager (Male) |
| 2:33 | Create | Villager (Male) |
| 2:33 | Create | Villager (Male) |
| 2:33 | Create | Villager (Male) |
| 2:54 | Create | Villager (Male) |
| 2:54 | Create | Villager (Male) |
| 2:54 | Create | Villager (Male) |
| 3:29 | Create | Villager (Male) |
| 3:29 | Create | Villager (Male) |
| 3:29 | Create | Villager (Male) |
| 3:58 | Create | Villager (Male) |
| 3:59 | Create | Villager (Male) |
| 3:59 | Create | Villager (Male) |
| 4:17 | Create | Villager (Male) |
| 4:18 | Create | Villager (Male) |
| 4:18 | Create | Villager (Male) |
| 4:41 | Create | Villager (Male) |
| 4:42 | Create | Villager (Male) |
| 4:42 | Create | Villager (Male) |
| 5:02 | Create | Villager (Male) |
| 5:02 | Create | Villager (Male) |
| 5:30 | Create | Villager (Male) |
| 5:30 | Create | Villager (Male) |
| 5:30 | Create | Villager (Male) |
| 5:30 | Create | Villager (Male) |
| 5:57 | Create | Villager (Male) |
| 5:57 | Create | Villager (Male) |
| 5:57 | Create | Villager (Male) |
| 6:18 | Create | Villager (Male) |
| 6:19 | Create | Villager (Male) |
| 6:19 | Create | Villager (Male) |
| 6:19 | Create | Villager (Male) |
| 6:36 | Build | Mill |
| 6:43 | Create | Villager (Male) |
| 6:44 | Create | Villager (Male) ×2 |
| 6:44 | Create | Villager (Male) ×2 |
| 6:59 | Build | Lumber Camp |
| 7:23 | Create | Villager (Male) ×2 |
| 7:23 | Create | Villager (Male) ×2 |
| 7:24 | Create | Villager (Male) ×2 |
| 8:11 | Create | Villager (Male) |
| 8:11 | Create | Villager (Male) |
| 8:12 | Create | Villager (Male) |
| 8:47 | Create | Villager (Male) |
| 8:48 | Create | Villager (Male) |
| 8:48 | Create | Villager (Male) |
| 9:05 | Create | Villager (Male) |
| 9:05 | Create | Villager (Male) |
| 9:05 | Create | Villager (Male) |
| 9:06 | Create | Villager (Male) |
| 9:49 | Build | House |
| 9:56 | Build | House |
| 10:02 | Build | Lumber Camp |
| 10:47 | Research | Feudal Age |
| 11:09 | Build | Mill |
| 11:55 | Create | Villager (Male) |
| 12:02 | Create | Villager (Male) |
| 12:02 | Create | Villager (Male) |
| 12:02 | Create | Villager (Male) |
| 13:06 | Age | Feudal Age |
| 13:10 | Build | Market |
| 13:24 | Build | Blacksmith |
| 13:41 | Create | Villager (Male) |
| 14:47 | Build | Farm |
| 14:49 | Build | Farm |
| 14:50 | Build | Farm |
| 14:52 | Build | Farm |
| 14:53 | Build | Farm |
| 14:55 | Build | Farm |
| 14:57 | Build | Farm |
| 14:59 | Build | Farm |
| 15:01 | Build | Farm |
| 15:27 | Build | Mining Camp |
| 15:30 | Research | Castle Age |
| 16:15 | Build | House |
| 16:16 | Build | House |
| 16:18 | Build | House |
| 16:19 | Build | House |
| 16:20 | Build | House |
| 16:25 | Research | Double-Bit Axe |
| 16:57 | Research | Horse Collar |
| 17:12 | Research | Stone Mining |
| 17:21 | Create | Villager (Male) |
| 17:21 | Create | Villager (Male) |
| 17:22 | Create | Villager (Male) |
| 18:10 | Age | Castle Age |
| 18:18 | Build | Town Center |
| 18:28 | Create | Villager (Male) |
| 18:28 | Create | Villager (Male) |
| 18:29 | Create | Villager (Male) |
| 18:29 | Create | Villager (Male) |
| 18:41 | Build | Town Center |
| 18:53 | Create | Villager (Male) |
| 18:53 | Create | Villager (Male) |
| 18:53 | Create | Villager (Male) |
| 18:54 | Create | Villager (Male) |
| 19:09 | Build | Farm |
| 19:09 | Build | Farm |
| 19:10 | Build | Farm |
| 19:10 | Build | Farm |
| 19:10 | Build | Farm |
| 19:10 | Build | Farm |
| 19:11 | Build | Farm |
| 19:11 | Build | Farm |
| 19:11 | Build | Farm |
| 20:00 | Create | Villager (Male) ×4 |
| 20:00 | Create | Villager (Male) ×4 |
| 20:00 | Create | Villager (Male) ×4 |
| 20:23 | Build | Farm |
| 20:23 | Build | Farm |
| 20:23 | Build | Farm |
| 20:23 | Build | Farm |
| 20:24 | Build | Farm |
| 20:24 | Build | Farm |
| 20:38 | Build | Farm |
| 20:39 | Build | Farm |
| 20:39 | Build | Farm |
| 20:39 | Build | Farm |
| 20:39 | Build | Farm |
| 20:40 | Build | Farm |
| 20:40 | Build | Farm |
| 20:40 | Build | Farm |
| 20:40 | Build | Farm |
| 20:44 | Create | Villager (Male) |
| 20:44 | Create | Villager (Male) |
| 20:44 | Create | Villager (Male) |
| 20:44 | Create | Villager (Male) |
| 21:10 | Build | House |
| 21:11 | Build | House |
| 21:11 | Build | House |
| 21:12 | Build | House |
| 21:12 | Build | House |
| 21:12 | Build | House |
| 21:20 | Create | Villager (Male) |
| 21:20 | Create | Villager (Male) |
| 21:20 | Create | Villager (Male) |
| 21:20 | Create | Villager (Male) |
| 21:29 | Build | Farm |
| 21:30 | Build | Farm |
| 21:30 | Build | Farm |
Build order — Benice
First 150 of 948 actions detected
| 0:03 | Create | Villager (Male) ×4 |
| 0:03 | Create | Villager (Male) ×4 |
| 0:07 | Build | House |
| 0:35 | Build | House |
| 0:36 | Build | House |
| 0:37 | Build | House |
| 1:43 | Create | Villager (Male) |
| 1:43 | Create | Villager (Male) |
| 2:08 | Build | Lumber Camp |
| 2:11 | Create | Villager (Male) |
| 2:12 | Create | Villager (Male) |
| 2:46 | Create | Villager (Male) |
| 2:46 | Create | Villager (Male) |
| 3:23 | Create | Villager (Male) |
| 3:23 | Create | Villager (Male) |
| 3:24 | Create | Villager (Male) |
| 4:03 | Create | Villager (Male) |
| 4:03 | Create | Villager (Male) |
| 4:26 | Create | Villager (Male) |
| 4:27 | Create | Villager (Male) |
| 5:00 | Create | Villager (Male) |
| 5:00 | Create | Villager (Male) |
| 5:00 | Create | Villager (Male) |
| 5:01 | Create | Villager (Male) |
| 5:46 | Create | Villager (Male) |
| 5:46 | Create | Villager (Male) |
| 5:46 | Create | Villager (Male) |
| 5:46 | Create | Villager (Male) |
| 6:13 | Build | Mill |
| 6:24 | Create | Villager (Male) |
| 7:21 | Create | Villager (Male) |
| 7:22 | Create | Villager (Male) |
| 7:37 | Create | Villager (Male) |
| 7:37 | Create | Villager (Male) |
| 8:14 | Build | Mining Camp |
| 8:41 | Build | House |
| 8:43 | Build | House |
| 9:45 | Research | Feudal Age |
| 10:12 | Create | Villager (Male) |
| 10:12 | Create | Villager (Male) |
| 10:12 | Create | Villager (Male) |
| 11:09 | Build | Mining Camp |
| 12:01 | Build | House |
| 12:02 | Build | House |
| 12:04 | Build | House |
| 12:13 | Age | Feudal Age |
| 12:15 | Build | Blacksmith |
| 12:17 | Build | Market |
| 12:28 | Build | Stone Wall |
| 12:32 | Build | Gate |
| 13:16 | Build | House |
| 13:17 | Build | House |
| 13:18 | Build | House |
| 13:27 | Create | Villager (Male) |
| 13:28 | Create | Villager (Male) |
| 13:34 | Build | Farm |
| 13:40 | Build | Farm |
| 13:46 | Build | Farm |
| 14:13 | Build | Farm |
| 14:17 | Build | Farm |
| 14:25 | Research | Castle Age |
| 14:57 | Build | Farm |
| 15:00 | Research | Double-Bit Axe |
| 15:31 | Build | Stone Wall |
| 15:36 | Build | Gate |
| 16:28 | Create | Villager (Male) |
| 16:28 | Create | Villager (Male) |
| 16:29 | Create | Villager (Male) |
| 16:29 | Create | Villager (Male) |
| 16:45 | Build | House |
| 16:46 | Build | House |
| 16:48 | Build | House |
| 16:50 | Build | House |
| 17:05 | Age | Castle Age |
| 17:08 | Build | Town Center |
| 17:29 | Build | Town Center |
| 18:12 | Create | Villager (Male) ×5 |
| 18:35 | Build | Town Center |
| 18:39 | Create | Villager (Male) |
| 18:39 | Create | Villager (Male) |
| 18:51 | Build | House |
| 18:52 | Build | House |
| 19:04 | Build | Farm |
| 19:13 | Create | Villager (Male) |
| 19:14 | Create | Villager (Male) |
| 19:21 | Build | Farm |
| 19:24 | Build | Farm |
| 19:27 | Create | Villager (Male) |
| 19:50 | Build | House |
| 19:51 | Build | House |
| 19:52 | Build | House |
| 19:53 | Build | House |
| 20:06 | Create | Villager (Male) |
| 20:06 | Create | Villager (Male) |
| 20:31 | Build | Monastery |
| 20:37 | Create | Villager (Male) |
| 20:37 | Create | Villager (Male) |
| 20:37 | Create | Villager (Male) |
| 20:41 | Build | Farm |
| 20:44 | Build | Farm |
| 20:49 | Build | Farm |
| 20:51 | Build | Farm |
| 20:55 | Build | Farm |
| 21:00 | Build | Farm |
| 21:04 | Create | Villager (Male) |
| 21:04 | Create | Villager (Male) |
| 21:04 | Create | Villager (Male) |
| 21:14 | Build | House |
| 21:15 | Build | House |
| 21:20 | Create | Monk |
| 21:38 | Build | Stone Wall |
| 21:43 | Build | Gate |
| 21:52 | Create | Villager (Male) ×4 |
| 21:52 | Create | Villager (Male) ×4 |
| 22:06 | Build | Mining Camp |
| 22:11 | Build | House |
| 22:12 | Build | House |
| 22:13 | Build | House |
| 22:14 | Build | House |
| 22:15 | Build | House |
| 22:16 | Build | House |
| 22:23 | Create | Monk |
| 22:36 | Create | Villager (Male) ×4 |
| 22:36 | Create | Villager (Male) ×4 |
| 22:44 | Build | Town Center |
| 22:49 | Create | Villager (Male) ×2 |
| 22:50 | Create | Villager (Male) ×2 |
| 22:56 | Build | Farm |
| 22:58 | Build | Farm |
| 23:02 | Build | Farm |
| 23:05 | Build | House |
| 23:07 | Build | House |
| 23:17 | Create | Monk |
| 23:33 | Create | Villager (Male) ×4 |
| 23:34 | Create | Villager (Male) ×4 |
| 23:47 | Build | Farm |
| 23:51 | Build | Farm |
| 23:52 | Build | Farm |
| 23:53 | Build | Farm |
| 23:58 | Create | Villager (Male) ×3 |
| 23:58 | Create | Villager (Male) ×3 |
| 24:22 | Create | Villager (Male) |
| 24:22 | Create | Villager (Male) |
| 24:23 | Create | Villager (Male) |
| 24:23 | Create | Villager (Male) |
| 24:27 | Research | Loom |
| 24:34 | Create | Villager (Male) ×5 |
| 24:50 | Build | Siege Workshop |
| 24:53 | Build | Siege Workshop |
| 24:59 | Create | Villager (Male) ×3 |
Build order — ShutGorgon2800
First 150 of 557 actions detected
| 0:08 | Build | House |
| 0:11 | Build | House |
| 0:13 | Build | House |
| 1:11 | Create | Villager (Male) |
| 2:31 | Create | Villager (Male) |
| 2:31 | Create | Villager (Male) |
| 3:42 | Create | Villager (Male) |
| 3:43 | Create | Villager (Male) |
| 3:43 | Create | Villager (Male) |
| 3:43 | Create | Villager (Male) |
| 4:05 | Create | Villager (Male) |
| 4:57 | Build | Mill |
| 6:33 | Create | Villager (Male) |
| 6:33 | Create | Villager (Male) |
| 6:34 | Create | Villager (Male) |
| 7:10 | Build | Mill |
| 7:53 | Create | Villager (Male) |
| 7:53 | Create | Villager (Male) |
| 8:15 | Build | Lumber Camp |
| 8:23 | Create | Villager (Male) |
| 8:38 | Create | Villager (Male) |
| 8:38 | Create | Villager (Male) |
| 8:38 | Create | Villager (Male) |
| 9:07 | Create | Villager (Male) |
| 9:07 | Create | Villager (Male) |
| 9:39 | Build | Mining Camp |
| 9:54 | Build | House |
| 9:55 | Build | House |
| 9:57 | Build | House |
| 10:36 | Create | Villager (Male) |
| 10:36 | Create | Villager (Male) |
| 10:55 | Create | Villager (Male) |
| 11:22 | Build | Mining Camp |
| 12:08 | Create | Villager (Male) |
| 12:09 | Create | Villager (Male) |
| 12:11 | Create | Villager (Male) |
| 13:07 | Build | Barracks |
| 13:41 | Create | Villager (Male) |
| 14:18 | Research | Feudal Age |
| 15:38 | Build | House |
| 15:40 | Build | House |
| 15:44 | Build | House |
| 16:15 | Build | Farm |
| 16:17 | Build | Farm |
| 16:18 | Build | Farm |
| 16:20 | Build | Farm |
| 16:21 | Build | Farm |
| 16:22 | Build | Farm |
| 16:23 | Build | Farm |
| 16:25 | Build | Farm |
| 16:36 | Research | Horse Collar |
| 16:39 | Research | Double-Bit Axe |
| 16:42 | Create | Villager (Male) ×5 |
| 17:05 | Build | Farm |
| 17:06 | Build | Farm |
| 17:41 | Build | Stable |
| 17:46 | Build | Blacksmith |
| 17:56 | Create | Villager (Male) ×4 |
| 18:37 | Research | Gold Mining |
| 18:56 | Build | Farm |
| 18:57 | Build | Farm |
| 19:32 | Build | Market |
| 19:40 | Create | Villager (Male) |
| 19:40 | Create | Villager (Male) |
| 19:40 | Create | Villager (Male) |
| 21:07 | Create | Villager (Male) |
| 21:07 | Create | Villager (Male) |
| 21:08 | Create | Villager (Male) |
| 21:17 | Research | Stone Mining |
| 21:24 | Research | Wheelbarrow |
| 21:34 | Build | Farm |
| 21:35 | Build | Farm |
| 21:37 | Build | Farm |
| 21:40 | Build | Farm |
| 21:41 | Build | Farm |
| 22:53 | Build | Farm |
| 22:54 | Build | Farm |
| 23:10 | Create | Trade Cart ×5 |
| 23:56 | Build | Farm |
| 23:57 | Build | Farm |
| 23:58 | Build | Farm |
| 24:12 | Research | Castle Age |
| 24:49 | Create | Scout Cavalry |
| 26:58 | Build | Monastery |
| 27:07 | Create | Villager (Male) ×5 |
| 27:15 | Build | Town Center |
| 27:37 | Build | Town Center |
| 27:52 | Build | Lumber Camp |
| 28:01 | Research | Heavy Plow |
| 28:04 | Research | Bow Saw |
| 28:14 | Create | Monk |
| 28:14 | Create | Monk |
| 29:30 | Build | House |
| 29:31 | Build | House |
| 29:32 | Build | House |
| 29:33 | Build | House |
| 29:34 | Build | House |
| 29:36 | Build | House |
| 29:38 | Build | House |
| 29:39 | Build | House |
| 29:46 | Create | Villager (Male) ×5 |
| 29:46 | Create | Villager (Male) ×5 |
| 29:46 | Create | Villager (Male) ×5 |
| 29:53 | Create | Villager (Male) ×5 |
| 30:04 | Create | Villager (Male) ×5 |
| 30:04 | Create | Villager (Male) ×5 |
| 30:05 | Create | Villager (Male) ×5 |
| 31:06 | Build | Mining Camp |
| 31:55 | Research | Gold Shaft Mining |
| 31:56 | Research | Stone Shaft Mining |
| 32:11 | Build | Mining Camp |
| 32:17 | Create | Villager (Male) ×5 |
| 32:21 | Research | Hand Cart |
| 33:07 | Build | Mining Camp |
| 33:24 | Build | Mining Camp |
| 33:37 | Build | House |
| 33:38 | Build | House |
| 33:39 | Build | House |
| 33:41 | Build | House |
| 33:43 | Build | House |
| 33:44 | Build | House |
| 33:46 | Build | House |
| 33:48 | Build | House |
| 33:49 | Build | House |
| 33:58 | Create | Villager (Male) ×5 |
| 33:58 | Create | Villager (Male) ×5 |
| 34:07 | Build | Lumber Camp |
| 34:27 | Build | University |
| 34:42 | Create | Villager (Male) ×5 |
| 34:42 | Create | Villager (Male) ×5 |
| 34:42 | Create | Villager (Male) ×5 |
| 34:43 | Create | Villager (Male) ×5 |
| 34:43 | Create | Villager (Male) ×5 |
| 34:43 | Create | Villager (Male) ×5 |
| 34:43 | Create | Villager (Male) ×5 |
| 35:12 | Build | Farm |
| 35:13 | Build | Farm |
| 35:14 | Build | Farm |
| 35:15 | Build | Farm |
| 35:16 | Build | Farm |
| 35:18 | Build | Farm |
| 36:39 | Research | Guard Tower (upgrade) |
| 36:41 | Research | Heated Shot |
| 36:50 | Create | Villager (Male) ×5 |
| 37:29 | Build | Siege Workshop |
| 37:30 | Build | Siege Workshop |
| 37:58 | Build | House |
| 37:59 | Build | House |
| 37:59 | Build | House |
| 38:01 | Build | House |
Build order — ohhperry
First 150 of 1002 actions detected
| 0:02 | Create | Villager (Male) |
| 0:03 | Create | Villager (Male) |
| 0:03 | Create | Villager (Male) |
| 0:05 | Build | House |
| 0:09 | Build | House |
| 1:01 | Create | Villager (Male) |
| 1:02 | Create | Villager (Male) |
| 1:19 | Build | Lumber Camp |
| 1:42 | Create | Villager (Male) |
| 1:42 | Create | Villager (Male) |
| 1:56 | Create | Villager (Male) |
| 1:56 | Create | Villager (Male) |
| 4:47 | Create | Villager (Male) |
| 4:47 | Create | Villager (Male) |
| 4:48 | Create | Villager (Male) |
| 5:05 | Create | Villager (Male) |
| 5:32 | Build | Mill |
| 6:20 | Create | Villager (Male) |
| 6:43 | Build | House |
| 6:52 | Create | Villager (Male) |
| 6:53 | Create | Villager (Male) |
| 7:23 | Create | Villager (Male) |
| 7:24 | Create | Villager (Male) |
| 8:37 | Create | Villager (Male) |
| 8:37 | Create | Villager (Male) |
| 9:51 | Build | House |
| 9:58 | Research | Feudal Age |
| 10:01 | Research | Loom |
| 11:00 | Create | Villager (Male) |
| 11:00 | Create | Villager (Male) |
| 11:43 | Build | House |
| 11:48 | Build | House |
| 11:50 | Build | House |
| 12:08 | Age | Feudal Age |
| 12:36 | Build | Mining Camp |
| 12:50 | Build | Mill |
| 13:03 | Create | Villager (Male) |
| 13:03 | Create | Villager (Male) |
| 13:44 | Research | Horse Collar |
| 13:59 | Build | Farm |
| 14:00 | Build | Farm |
| 14:01 | Build | Farm |
| 14:01 | Build | Farm |
| 14:01 | Build | Farm |
| 14:02 | Build | Farm |
| 14:02 | Build | Farm |
| 14:02 | Build | Farm |
| 14:02 | Build | Farm |
| 14:03 | Build | Farm |
| 14:07 | Create | Villager (Male) |
| 14:07 | Create | Villager (Male) |
| 14:07 | Create | Villager (Male) |
| 14:30 | Create | Villager (Male) |
| 15:15 | Build | Farm |
| 15:16 | Build | Farm |
| 15:18 | Build | Farm |
| 15:52 | Build | Farm |
| 16:10 | Create | Villager (Male) |
| 16:10 | Create | Villager (Male) |
| 16:57 | Build | Market |
| 17:14 | Create | Villager (Male) |
| 17:15 | Create | Villager (Male) |
| 17:33 | Research | Double-Bit Axe |
| 18:13 | Build | Blacksmith |
| 18:17 | Create | Villager (Male) |
| 18:17 | Create | Villager (Male) |
| 18:49 | Build | Farm |
| 18:51 | Build | Farm |
| 19:06 | Research | Castle Age |
| 19:19 | Build | Farm |
| 19:22 | Build | Farm |
| 19:22 | Build | Farm |
| 19:24 | Build | Farm |
| 19:31 | Create | Villager (Male) |
| 19:31 | Create | Villager (Male) |
| 19:32 | Create | Villager (Male) |
| 19:33 | Create | Villager (Male) |
| 20:25 | Build | Market |
| 20:30 | Research | Stone Mining |
| 20:31 | Research | Gold Mining |
| 20:56 | Build | Farm |
| 20:56 | Build | Farm |
| 20:57 | Build | Farm |
| 20:57 | Build | Farm |
| 20:57 | Build | Farm |
| 20:57 | Build | Farm |
| 20:58 | Build | Farm |
| 21:04 | Create | Villager (Male) |
| 21:05 | Create | Villager (Male) |
| 21:05 | Create | Villager (Male) |
| 21:36 | Build | Lumber Camp |
| 21:47 | Age | Castle Age |
| 22:26 | Build | Town Center |
| 22:36 | Build | Town Center |
| 22:56 | Create | Villager (Male) |
| 22:56 | Create | Villager (Male) |
| 22:57 | Research | Wheelbarrow |
| 23:11 | Research | Bow Saw |
| 23:19 | Research | Heavy Plow |
| 23:40 | Create | Villager (Male) |
| 23:40 | Create | Villager (Male) |
| 23:40 | Create | Villager (Male) |
| 24:02 | Build | Mining Camp |
| 24:29 | Create | Villager (Male) |
| 24:30 | Create | Villager (Male) |
| 24:30 | Create | Villager (Male) |
| 24:30 | Create | Villager (Male) |
| 25:20 | Build | Farm |
| 25:21 | Build | Farm |
| 25:23 | Build | Farm |
| 25:24 | Build | Farm |
| 25:25 | Build | Farm |
| 25:28 | Build | Farm |
| 25:36 | Create | Villager (Male) |
| 25:36 | Create | Villager (Male) |
| 25:36 | Create | Villager (Male) |
| 25:47 | Create | Villager (Male) |
| 25:47 | Create | Villager (Male) |
| 25:52 | Create | Villager (Male) |
| 25:52 | Create | Villager (Male) |
| 25:53 | Create | Villager (Male) |
| 26:28 | Create | Villager (Male) |
| 26:29 | Create | Villager (Male) |
| 26:33 | Create | Villager (Male) |
| 26:33 | Create | Villager (Male) |
| 26:36 | Create | Villager (Male) |
| 26:37 | Create | Villager (Male) |
| 27:00 | Build | House |
| 27:01 | Build | House |
| 27:03 | Build | House |
| 27:04 | Build | House |
| 27:06 | Build | House |
| 27:08 | Build | House |
| 27:22 | Research | Stone Shaft Mining |
| 27:40 | Research | Hand Cart |
| 28:01 | Build | Farm |
| 28:01 | Build | Farm |
| 28:01 | Build | Farm |
| 28:02 | Build | Farm |
| 28:05 | Build | Farm |
| 28:07 | Build | Farm |
| 28:08 | Build | Farm |
| 28:13 | Create | Villager (Male) |
| 28:13 | Create | Villager (Male) |
| 28:26 | Research | Caravan |
| 28:34 | Create | Trade Cart ×5 |
| 28:34 | Create | Trade Cart ×2 |
| 28:44 | Create | Villager (Male) |
| 28:44 | Create | Villager (Male) |
| 28:45 | Create | Villager (Male) |
Match timeline
| 9:19 | Andrewin · wall_segment Palisade Wall x7 |
| 9:26 | Andrewin · wall_segment Palisade Wall x13 |
| 9:35 | Andrewin · wall_segment Palisade Wall x7 |
| 10:50 | barreto · age_up feudal |
| 11:04 | barreto · wall_segment Stone Wall x14 |
| 12:08 | ohhperry · age_up feudal |
| 12:10 | Zé Pilantra · first_building Barracks |
| 12:13 | Benice · age_up feudal |
| 12:28 | Benice · wall_segment Stone Wall x16 |
| 13:06 | 1109366596 · age_up feudal |
| 13:07 | ShutGorgon2800 · first_building Barracks |
| 13:16 | Zé Pilantra · age_up feudal |
| 13:35 | Andrewin · age_up feudal |
| 13:51 | Benice · first_market_buy 100 food |
| 13:54 | Benice · first_market_sell 100 wood |
| 14:28 | Zé Pilantra · wall_segment Stone Wall x12 |
| 14:32 | 1109366596 · first_market_sell 100 stone |
| 15:31 | Benice · wall_segment Stone Wall x19 |
| 16:47 | Andrewin · wall_segment Stone Wall x15 |
| 16:55 | Andrewin · wall_segment Stone Wall x6 |
| 17:05 | Benice · age_up castle |
| 17:09 | barreto · first_building Barracks |
| 17:18 | Zé Pilantra · wall_segment Stone Wall x1 |
| 17:19 | Zé Pilantra · wall_segment Stone Wall x1 |
| 17:21 | Zé Pilantra · wall_segment Stone Wall x1 |
| 17:22 | Zé Pilantra · wall_segment Stone Wall x1 |
| 17:41 | ShutGorgon2800 · first_building Stable |
| 18:10 | 1109366596 · age_up castle |
| 18:57 | barreto · age_up castle |
| 18:59 | Zé Pilantra · wall_segment Stone Wall x1 |
| 19:00 | Zé Pilantra · wall_segment Stone Wall x1 |
| 19:01 | Zé Pilantra · wall_segment Stone Wall x2 |
| 19:02 | Zé Pilantra · wall_segment Stone Wall x1 |
| 19:39 | barreto · first_building Monastery |
| 20:19 | Zé Pilantra · wall_segment Stone Wall x1 |
| 20:20 | Zé Pilantra · wall_segment Stone Wall x1 |
| 20:21 | Zé Pilantra · wall_segment Stone Wall x1 |
| 20:22 | Zé Pilantra · wall_segment Stone Wall x1 |
| 20:31 | Benice · first_building Monastery |
| 21:11 | Zé Pilantra · first_market_buy 100 food |
| 21:38 | Benice · wall_segment Stone Wall x19 |
| 21:47 | ohhperry · age_up castle |
| 21:59 | Andrewin · wall_segment Stone Wall x15 |
| 22:08 | RodrigoOBOMM · wall_segment Stone Wall x25 |
| 22:46 | Zé Pilantra · first_building Archery Range |
| 23:20 | Andrewin · first_building Barracks |
| 24:35 | Andrewin · first_building Archery Range |
| 24:50 | Benice · first_building Siege Workshop |
| 24:54 | Zé Pilantra · age_up castle |
| 25:25 | Andrewin · age_up castle |
| 25:26 | Andrewin · wall_segment Stone Wall x5 |
| 25:46 | 1109366596 · first_building Siege Workshop |
| 26:07 | Andrewin · first_building Castle |
| 26:23 | Andrewin · wall_segment Stone Wall x5 |
| 26:24 | Zé Pilantra · first_market_sell 100 food |
| 26:32 | Zé Pilantra · first_building Monastery |
| 26:33 | Andrewin · first_building Monastery |
| 26:43 | barreto · first_market_buy 100 stone |
| 26:58 | ShutGorgon2800 · first_building Monastery |
| 27:15 | barreto · first_building Castle |
| 27:25 | RodrigoOBOMM · first_building Monastery |
| 27:29 | 1109366596 · first_building Monastery |
| 28:33 | Andrewin · wall_segment Stone Wall x13 |
| 28:49 | RodrigoOBOMM · wall_segment Stone Wall x6 |
| 28:51 | RodrigoOBOMM · wall_segment Stone Wall x3 |
| 28:55 | RodrigoOBOMM · wall_segment Stone Wall x7 |
| 29:00 | RodrigoOBOMM · wall_segment Stone Wall x8 |
| 29:00 | 1109366596 · first_building Barracks |
| 29:03 | RodrigoOBOMM · wall_segment Stone Wall x5 |
| 29:48 | 1109366596 · first_building Stable |
| 29:56 | 1109366596 · wall_segment Stone Wall x7 |
| 29:58 | 1109366596 · wall_segment Stone Wall x13 |
| 30:00 | RodrigoOBOMM · wall_segment Stone Wall x16 |
| 30:09 | RodrigoOBOMM · wall_segment Stone Wall x34 |
| 30:22 | RodrigoOBOMM · tribute_sent a jugador 2 |
| 30:23 | RodrigoOBOMM · tribute_sent a jugador 3 |
| 30:23 | RodrigoOBOMM · tribute_sent a jugador 4 |
| 30:23 | RodrigoOBOMM · tribute_sent a jugador 5 |
| 30:23 | RodrigoOBOMM · tribute_sent a jugador 6 |
| 30:23 | RodrigoOBOMM · tribute_sent a jugador 7 |
| 30:23 | RodrigoOBOMM · tribute_sent a jugador 8 |
| 31:31 | barreto · age_up imperial |
| 31:48 | ohhperry · first_building Castle |
| 32:08 | barreto · first_building Stable |
| 32:14 | Zé Pilantra · first_building Castle |
| 32:27 | Andrewin · wall_segment Stone Wall x12 |
| 33:29 | 1109366596 · wall_segment Stone Wall x17 |
| 33:32 | 1109366596 · wall_segment Stone Wall x1 |
| 34:03 | 1109366596 · age_up imperial |
| 34:30 | RodrigoOBOMM · first_market_sell 100 wood |
| 34:48 | Zé Pilantra · wall_segment Stone Wall x15 |
| 34:51 | Andrewin · wall_segment Stone Wall x14 |
| 35:34 | Benice · age_up imperial |
| 35:40 | 1109366596 · first_building Castle |
| 36:42 | RodrigoOBOMM · first_building Barracks |
| 36:50 | RodrigoOBOMM · first_building Archery Range |
| 36:59 | RodrigoOBOMM · first_building Stable |
| 37:09 | RodrigoOBOMM · first_building Siege Workshop |
| 37:29 | ShutGorgon2800 · first_building Siege Workshop |
| 38:21 | Andrewin · wall_segment Stone Wall x11 |
| 38:28 | ohhperry · first_building Barracks |
| 38:45 | RodrigoOBOMM · wall_segment Stone Wall x8 |
| 38:51 | Zé Pilantra · wall_segment Stone Wall x11 |
| 38:53 | Zé Pilantra · wall_segment Stone Wall x9 |
| 38:55 | Zé Pilantra · wall_segment Stone Wall x1 |
| 39:11 | Zé Pilantra · wall_segment Stone Wall x29 |
| 39:16 | ohhperry · first_building Stable |
| 39:17 | Zé Pilantra · wall_segment Stone Wall x11 |
| 39:38 | ShutGorgon2800 · first_building Castle |
| 39:55 | ohhperry · age_up imperial |
| 41:49 | barreto · first_building Siege Workshop |
| 42:01 | Andrewin · first_building Siege Workshop |
| 42:17 | 1109366596 · first_building Archery Range |
| 42:32 | ohhperry · first_building Siege Workshop |
| 43:28 | 1109366596 · first_market_buy 100 stone |
| 44:09 | Zé Pilantra · wall_segment Stone Wall x5 |
| 44:13 | Zé Pilantra · wall_segment Stone Wall x3 |
| 46:30 | Zé Pilantra · wall_segment Stone Wall x5 |
| 46:34 | Zé Pilantra · wall_segment Stone Wall x1 |
| 46:43 | ohhperry · first_market_sell 500 wood |
| 46:48 | Andrewin · age_up imperial |
| 46:55 | Benice · first_building Barracks |
| 47:30 | Benice · first_building Castle |
| 49:16 | Zé Pilantra · wall_segment Stone Wall x2 |
| 49:17 | Zé Pilantra · wall_segment Stone Wall x2 |
| 49:20 | Zé Pilantra · wall_segment Stone Wall x1 |
| 49:24 | Zé Pilantra · wall_segment Stone Wall x5 |
| 49:26 | Zé Pilantra · wall_segment Stone Wall x2 |
| 50:50 | Zé Pilantra · age_up imperial |
| 51:52 | RodrigoOBOMM · first_market_buy 100 stone |
| 52:40 | 1109366596 · wall_segment Stone Wall x16 |
| 52:42 | 1109366596 · wall_segment Stone Wall x5 |
| 53:25 | RodrigoOBOMM · first_building Castle |
| 53:39 | ohhperry · first_building Archery Range |
| 55:17 | barreto · first_market_sell 100 wood |
| 55:36 | Zé Pilantra · first_building Siege Workshop |
| 56:03 | Andrewin · first_market_buy 100 stone |
| 57:44 | Zé Pilantra · wall_segment Stone Wall x33 |
| 59:11 | ohhperry · first_building Monastery |
| 61:10 | ohhperry · wall_segment Stone Wall x11 |
| 62:12 | Benice · wall_segment Stone Wall x10 |
| 65:06 | Benice · wall_segment Stone Wall x6 |
| 69:16 | Zé Pilantra · wall_segment Stone Wall x13 |
| 72:56 | RodrigoOBOMM · wall_segment Stone Wall x12 |
| 73:02 | RodrigoOBOMM · wall_segment Stone Wall x8 |
| 73:17 | RodrigoOBOMM · wall_segment Stone Wall x9 |
| 76:18 | Zé Pilantra · tribute_sent a jugador 1 |
| 76:18 | Zé Pilantra · tribute_sent a jugador 3 |
| 76:18 | Zé Pilantra · tribute_sent a jugador 4 |
| 76:18 | Zé Pilantra · tribute_sent a jugador 5 |
| 76:18 | Zé Pilantra · tribute_sent a jugador 6 |
| 76:18 | Zé Pilantra · tribute_sent a jugador 7 |
| 76:18 | Zé Pilantra · tribute_sent a jugador 8 |
| 77:11 | ShutGorgon2800 · first_market_sell 500 wood |
| 77:18 | RodrigoOBOMM · tribute_sent a jugador 2 |
| 77:18 | RodrigoOBOMM · tribute_sent a jugador 3 |
| 77:18 | RodrigoOBOMM · tribute_sent a jugador 4 |
| 77:18 | RodrigoOBOMM · tribute_sent a jugador 5 |
| 77:18 | RodrigoOBOMM · tribute_sent a jugador 6 |
| 77:18 | RodrigoOBOMM · tribute_sent a jugador 7 |
| 77:18 | RodrigoOBOMM · tribute_sent a jugador 8 |
| 77:31 | ShutGorgon2800 · first_market_buy 500 stone |
| 77:45 | ohhperry · first_market_buy 500 stone |
| 81:04 | RodrigoOBOMM · wall_segment Stone Wall x19 |
| 81:09 | RodrigoOBOMM · wall_segment Stone Wall x11 |
| 87:18 | RodrigoOBOMM · tribute_sent a jugador 2 |
| 87:18 | RodrigoOBOMM · tribute_sent a jugador 3 |
| 87:18 | RodrigoOBOMM · tribute_sent a jugador 4 |
| 87:18 | RodrigoOBOMM · tribute_sent a jugador 5 |
| 87:18 | RodrigoOBOMM · tribute_sent a jugador 6 |
| 87:18 | RodrigoOBOMM · tribute_sent a jugador 7 |
| 87:18 | RodrigoOBOMM · tribute_sent a jugador 8 |
| 88:19 | Zé Pilantra · first_building Stable |
| 91:30 | Zé Pilantra · wall_segment Stone Wall x15 |
| 93:17 | RodrigoOBOMM · wall_segment Stone Wall x11 |
| 93:21 | RodrigoOBOMM · wall_segment Stone Wall x20 |
| 95:22 | Zé Pilantra · wall_segment Stone Wall x19 |
| 97:14 | barreto · resign |
| 98:51 | Zé Pilantra · wall_segment Stone Wall x19 |
| 100:55 | Benice · wall_segment Stone Wall x49 |
| 101:03 | Zé Pilantra · wall_segment Stone Wall x11 |
| 105:05 | Benice · wall_segment Stone Wall x24 |
| 106:22 | RodrigoOBOMM · tribute_sent a jugador 2 |
| 106:22 | RodrigoOBOMM · tribute_sent a jugador 3 |
| 106:22 | RodrigoOBOMM · tribute_sent a jugador 4 |
| 106:22 | RodrigoOBOMM · tribute_sent a jugador 5 |
| 106:22 | RodrigoOBOMM · tribute_sent a jugador 6 |
| 106:22 | RodrigoOBOMM · tribute_sent a jugador 7 |
| 106:22 | RodrigoOBOMM · tribute_sent a jugador 8 |
| 110:53 | Benice · first_building Archery Range |
| 110:57 | Benice · first_building Stable |
| 113:21 | ohhperry · wall_segment Stone Wall x14 |
| 117:51 | RodrigoOBOMM · tribute_sent a jugador 2 |
| 117:51 | RodrigoOBOMM · tribute_sent a jugador 3 |
| 117:51 | RodrigoOBOMM · tribute_sent a jugador 4 |
| 117:51 | RodrigoOBOMM · tribute_sent a jugador 5 |
| 117:51 | RodrigoOBOMM · tribute_sent a jugador 6 |
| 117:51 | RodrigoOBOMM · tribute_sent a jugador 7 |
| 117:51 | RodrigoOBOMM · tribute_sent a jugador 8 |
| 118:09 | RodrigoOBOMM · wall_segment Stone Wall x20 |
| 118:59 | RodrigoOBOMM · wall_segment Stone Wall x1 |
| 122:13 | ohhperry · wall_segment Stone Wall x28 |
| 122:21 | ohhperry · wall_segment Stone Wall x25 |
| 122:24 | ohhperry · wall_segment Stone Wall x7 |
| 123:29 | Andrewin · wall_segment Stone Wall x8 |
| 123:37 | ohhperry · wall_segment Stone Wall x19 |
| 124:15 | Andrewin · wall_segment Stone Wall x8 |
| 131:15 | RodrigoOBOMM · tribute_sent a jugador 2 |
| 131:15 | RodrigoOBOMM · tribute_sent a jugador 3 |
| 131:15 | RodrigoOBOMM · tribute_sent a jugador 4 |
| 131:15 | RodrigoOBOMM · tribute_sent a jugador 5 |
| 131:15 | RodrigoOBOMM · tribute_sent a jugador 6 |
| 131:15 | RodrigoOBOMM · tribute_sent a jugador 7 |
| 131:15 | RodrigoOBOMM · tribute_sent a jugador 8 |
| 134:03 | RodrigoOBOMM · tribute_sent a jugador 2 |
| 134:03 | RodrigoOBOMM · tribute_sent a jugador 3 |
| 134:03 | RodrigoOBOMM · tribute_sent a jugador 4 |
| 134:03 | RodrigoOBOMM · tribute_sent a jugador 5 |
| 134:03 | RodrigoOBOMM · tribute_sent a jugador 6 |
| 134:03 | RodrigoOBOMM · tribute_sent a jugador 7 |
| 134:03 | RodrigoOBOMM · tribute_sent a jugador 8 |
| 137:45 | RodrigoOBOMM · tribute_sent a jugador 2 |
| 137:45 | RodrigoOBOMM · tribute_sent a jugador 3 |
| 137:45 | RodrigoOBOMM · tribute_sent a jugador 4 |
| 137:45 | RodrigoOBOMM · tribute_sent a jugador 5 |
| 137:45 | RodrigoOBOMM · tribute_sent a jugador 6 |
| 137:45 | RodrigoOBOMM · tribute_sent a jugador 7 |
| 137:45 | RodrigoOBOMM · tribute_sent a jugador 8 |
| 143:36 | RodrigoOBOMM · wall_segment Stone Wall x14 |
| 143:50 | Benice · wall_segment Stone Wall x18 |
| 146:41 | RodrigoOBOMM · wall_segment Stone Wall x22 |
| 152:04 | Zé Pilantra · wall_segment Palisade Wall x15 |
| 152:05 | Zé Pilantra · wall_segment Palisade Wall x7 |
| 152:09 | Zé Pilantra · wall_segment Palisade Wall x16 |
| 152:13 | Zé Pilantra · wall_segment Palisade Wall x8 |
| 152:21 | Zé Pilantra · wall_segment Palisade Wall x6 |
| 152:23 | Zé Pilantra · wall_segment Palisade Wall x5 |
| 152:24 | Zé Pilantra · wall_segment Palisade Wall x3 |
| 152:26 | Zé Pilantra · wall_segment Palisade Wall x3 |
| 152:28 | Zé Pilantra · wall_segment Palisade Wall x1 |
[ AI ANALYSIS · 1 CREDIT ]
What really happened in this match?
Wolo.gg analyzes every decision: build order, eco, micro, common mistakes by bracket. Personalized analysis on WhatsApp or Discord in 30 seconds.
Civ guide
Persians
Perfil
Jugador #3132379